 Dungeon Crawl Stone Soup version 0.31.0-32-g396128a36d (webtiles) character file.

Game seed: 7166220151109040825

3148 TacoSundae the Basher (level 9, -1/72 HPs)
             Began as an Armataur Fighter on Apr 14, 2024.
             Was a Believer of Okawaru.
             Slain by a spriggan
             ... wielding a +0 short sword
              (8 damage)
             ... on level 7 of the Dungeon.
             The game lasted 00:17:48 (5512 turns).

TacoSundae the Basher (Armataur Fighter)            Turns: 5512, Time: 00:17:48

Health: -1/72      AC: 21    Str: 25    XL:     9   Next: 62%
Magic:  11/11      EV:  6    Int: 10    God:    Okawaru [**....]
Gold:   410        SH:  0    Dex:  9    Spells: 8/8 levels left

rFire   . . .        a - +1 flail (drain)
rCold   . . .        c - +0 buckler
rNeg    . . .        y - +2 ring mail {Will+}
rPois   .            E - +0 hat
rElec   .            C - scarf {repulsion}
rCorr   .            v - +1 pair of gloves {hurl}
SInv    .            m - +1 barding
Will    +....        n - amulet of regeneration Stlth
                     z - +4 ring of protection
HPRegen 1.12/turn    (no ring)
MPRegen 0.12/turn

%: repel missiles, roll
@: confused, mighty, ambrosia-drunk
A: large, deformed body, tough skin 3, armoured tail, roll 2
a: Renounce Religion, Heroism


You were on level 7 of the Dungeon.
You worshipped Okawaru.
Okawaru was pleased with you.
You visited 2 branches of the dungeon, and saw 8 of its levels.

You collected 410 gold pieces.

Inventory:

Hand Weapons
 a - a +1 flail of draining (weapon)
 t - the +10 hand axe "Zoci" {elec, rElec rF++ Int-5}
   (You found it on level 3 of the Dungeon)

   Int-5:     It affects your intelligence (-5).
   rF++:      It greatly protects you from fire.
   rElec:     It insulates you from electricity.
Missiles
 b - a throwing net
 s - 16 poisoned darts (quivered)
Armour
 c - a +0 buckler (worn)
 m - a +1 barding (worn)
 v - a +1 pair of gloves of hurling (worn)
 y - a +2 ring mail of willpower (worn)
 C - a scarf of repulsion (worn)
 E - a +0 hat (worn)
Jewellery
 n - an amulet of regeneration (around neck)
 z - a +4 ring of protection (left hand)
Scrolls
 f - a scroll of enchant armour
 g - a scroll of fog
 h - 3 scrolls of revelation
 j - 3 scrolls of teleportation
 o - 3 scrolls of enchant weapon
Potions
 d - a potion of resistance
 i - 4 potions of mutation
 k - a potion of haste {unknown}
 l - 2 potions of heal wounds {unknown}
 p - a potion of cancellation {unknown}
 q - a potion of lignification {unknown}
 u - 4 potions of curing {unknown}
 w - 2 potions of brilliance {unknown}
 x - 2 potions of degeneration {unknown}
 D - a potion of berserk rage {unknown}


   Skills:
 + Level 4.5 Fighting
 + Level 10.2 Maces & Flails
 + Level 6.0 Armour
 + Level 5.4 Shields
 + Level 3.8 Invocations


You had 8 spell levels left.
You didn't know any spells.
Your spell library contained the following spells:

 Spells                   Type           Power      Damage    Failure   Level
 Apportation              Tloc           0%         N/A       54%         1
 Magic Dart               Conj           0%         1d3       54%         1
 Blink                    Tloc           0%         N/A       69%         2
 Jinxbite                 Hex            0%         N/A       69%         2
 Lesser Beckoning         Tloc           0%         N/A       69%         2
 Searing Ray              Conj           0%         2d4       69%         2
 Gell's Gravitas          Tloc           0%         N/A       89%         3
 Hailstorm                Conj/Ice       0%         3d5       89%         3
 Teleport Other           Tloc           0%         N/A       89%         3
 Brom's Barrelling Bould  Conj/Erth      0%         2d3       100%        4
 Fulminant Prism          Conj/Alch      0%         3d5       100%        4
 Alistair's Intoxication  Alch           0%         N/A       100%        5
 Fireball                 Conj/Fire      0%         3d3       100%        5
 Iskenderun's Battlesphe  Conj           0%         2d6       100%        5
 Lee's Rapid Deconstruct  Erth           0%         3d4*      100%        5
 Conjure Ball Lightning   Conj/Air       0%         3x3d6     100%        6
 Orb of Destruction       Conj           0%         9d5       100%        7
 Call Imp                 Summ           Unusable   N/A       N/A         2
 Summon Ice Beast         Ice/Summ       Unusable   N/A       N/A         3
 Animate Armour           Summ/Erth      Unusable   N/A       N/A         4
 Summon Lightning Spire   Summ/Air       Unusable   N/A       N/A         4
 Sculpt Simulacrum        Ice/Alch       Unusable   N/A       N/A         6

Dungeon Overview and Level Annotations

Branches:
Dungeon (7/15)             Temple (1/1) D:6

Altars:
Ashenzari
Cheibriados
Dithmenos
Fedhas
Gozag
Hepliaklqana
Kikubaaqudgha
Makhleb
Nemelex Xobeh
Okawaru
Ru
Sif Muna
Uskayaw
Xom
Yredelemnul
Zin

Shops:
D:4 [   D:6 (

Annotations:
D:6 3 runed translucent doors, middlethird's ghost, amateur VSIE


Innate Abilities, Weirdness & Mutations

Armour fits poorly on your strangely shaped body.
You have extremely tough skin. (AC +3)
You have a long armoured tail.
You regenerate magic and health when rolling toward enemies. (Rampage Regen)


Message History

Your Fighting skill increases to level 4!
Your Maces & Flails skill increases to level 10!
Your Armour skill increases to level 5!
Your Invocations skill increases to level 3!
You barely miss the two-headed ogre.
Your tail-slap misses the two-headed ogre.
You block the two-headed ogre's attack.
The two-headed ogre hits you with a +0 giant club!!
You sock the two-headed ogre!
The two-headed ogre is moderately wounded.
You barely miss the two-headed ogre.
The two-headed ogre is moderately wounded.
The two-headed ogre barely misses you. The two-headed ogre closely misses you.
You thump the two-headed ogre!
The two-headed ogre is moderately wounded.
The two-headed ogre hits you with a +0 giant club! x2
You barely miss the two-headed ogre.
The two-headed ogre is moderately wounded.
You barely miss the two-headed ogre. You tail-slap the two-headed ogre!
The two-headed ogre is heavily wounded.
You block the two-headed ogre's attack.
The two-headed ogre hits you with a +0 giant club!
* * * LOW HITPOINT WARNING * * *
You thump the two-headed ogre! You drain the two-headed ogre.
You tail-slap the two-headed ogre!
You kill the two-headed ogre!
Okawaru is honoured by your kill.
Your Armour skill increases to level 6!
Your Shields skill increases to level 5!
You barely miss the spriggan.
Your tail-slap misses the spriggan.
The spriggan hits you with a +0 short sword!
* * * LOW HITPOINT WARNING * * *
You completely miss the spriggan. The spriggan completely misses you.
You barely miss the spriggan.
The spriggan hits you with a +0 short sword.
* * * LOW HITPOINT WARNING * * *
You are confused.
You feel invigorated.
The spriggan hits you with a +0 short sword!
You die...

........#
##...
........##
##..
...##....##
###.. #.
##....# #
###.... .
##...## 8#
#......
##....##.##
##.....
#..#.##...#
##....
#.####..#.###
#....
#..@i.?......
#....
######..#(###
#.... #...#
#.... #.##
#..... 8#
..##.. #


You could see a spriggan.

Vanquished Creatures
  2 two-headed ogres (D:7)
  A wyvern (D:7)
  A steam dragon (D:6)
  An orc warrior (D:7)
  3 black bears
  2 ogres
  A centaur (D:7)
  A phantom (D:7)
  2 bullfrogs
  A scorpion (D:5)
  2 howler monkeys (D:4)
  2 bombardier beetles
  A jelly (D:4)
  4 hounds
  2 orc priests (D:5)
  Jessica (D:2)
  Terence (D:2)
  4 iguanas
  4 orc wizards
  4 gnolls (D:4)
  4 adders
  A white imp (D:5)
  5 dart slugs
  2 ribbon worms
  17 orcs
  8 bats
  8 endoplasms
  4 giant cockroaches
  10 goblins
  5 hobgoblins
  8 jackals
  3 quokkas
  7 ball pythons
  4 frilled lizards
  8 kobolds
  4 rats
138 creatures vanquished.

Vanquished Creatures (others)
  A jelly (D:6)
  An orc wizard (D:4)
2 creatures vanquished.

Grand Total: 140 creatures vanquished

Notes
Turn   | Place    | Note
-------+----------+-------------------------------------------
     0 | D:1      | TacoSundae the Armataur Fighter began the quest for the
                  | Orb.
     0 | D:1      | Reached XP level 1. HP: 18/18 MP: 1/1
    34 | D:1      | Reached skill level 2 in Maces & Flails
   207 | D:1      | Reached XP level 2. HP: 19/25 MP: 2/2
   462 | D:1      | Reached skill level 3 in Maces & Flails
   752 | D:2      | Noticed Terence
   767 | D:2      | Reached XP level 3. HP: 30/30 MP: 3/3
   786 | D:2      | Killed Terence
  1220 | D:2      | Reached XP level 4. HP: 33/37 MP: 4/4
  1270 | D:2      | Reached skill level 4 in Maces & Flails
  1316 | D:2      | Noticed Jessica
  1320 | D:2      | Killed Jessica
  1865 | D:3      | Identified the +10 hand axe "Zoci" {elec, rElec rF++ Int-5}
  1971 | D:3      | Reached XP level 5. HP: 42/42 MP: 5/5
  2438 | D:4      | Reached skill level 5 in Maces & Flails
  2549 | D:4      | Noticed a black bear
  2604 | D:4      | Reached XP level 6. HP: 50/50 MP: 6/6
  2622 | D:4      | Reached skill level 6 in Maces & Flails
  2769 | D:4      | Found Aciur's Armour Shop.
  3006 | D:4      | Reached skill level 7 in Maces & Flails
  3200 | D:5      | Entered Level 5 of the Dungeon
  3254 | D:5      | Gained mutation: You regenerate magic and health when
                  | rolling toward enemies. (Rampage Regen) [Armataur growth]
  3254 | D:5      | Reached XP level 7. HP: 53/56 MP: 7/7
  3296 | D:5      | HP: 1/56 [orc/+0 dagger (3)]
  3518 | D:5      | Found a burning altar of Makhleb.
  3802 | D:5      | Found a shimmering blue altar of Sif Muna.
  3876 | D:5      | Found an opulent altar of Gozag.
  3947 | D:5      | Reached skill level 8 in Maces & Flails
  4330 | D:6      | Found Vourumm's Antique Weapon Shoppe.
  4363 | D:6      | Noticed a steam dragon
  4575 | D:6      | Reached XP level 8. HP: 61/62 MP: 8/8
  4578 | D:6      | Found a staircase to the Ecumenical Temple.
  4599 | D:6      | Reached skill level 9 in Maces & Flails
  4617 | Temple   | Entered the Ecumenical Temple
  4640 | Temple   | Became a worshipper of Warmaster Okawaru
  4882 | D:6      | Noticed middlethird's ghost (amateur VSIE)
  4909 | D:6      | Found a runed translucent gate.
  4909 | D:6      | Found a runed translucent gate.
  4909 | D:6      | Found a runed translucent gate.
  5066 | D:7      | Reached skill level 1 in Invocations
  5454 | D:7      | Reached * piety under Okawaru
  5472 | D:7      | Reached XP level 9. HP: 61/70 MP: 10/10
  5493 | D:7      | Noticed a two-headed ogre
  5493 | D:7      | Noticed a two-headed ogre
  5501 | D:7      | Killed a two-headed ogre
  5502 | D:7      | Reached skill level 10 in Maces & Flails
  5502 | D:7      | Reached skill level 5 in Armour
  5508 | D:7      | Killed a two-headed ogre
  5508 | D:7      | Reached ** piety under Okawaru
  5509 | D:7      | Reached skill level 5 in Shields
  5511 | D:7      | HP: 2/72 [spriggan/+0 short sword (4)]
  5512 | D:7      | Slain by a spriggan

Illustrated notes

Levels and vault maps discovered:
D:1:      amcnicky_arrival_double_pillar, layout_loops_ring
D:2:      layout_loops_corners, uniq_jessica, uniq_terence
D:3:      layout_rooms, serial_park_tiny_2, dreamdust_princess_bridge,
          minmay_misc_feat_iff
D:4:      layout_cave_pools, serial_shops, nicolae_shop_behind_doors,
          minmay_a_box_with_orc_wizards_in_it
D:5:      black_bear_nest_2, layout_cave_pools, led_sif_pool,
          amcnicky_altar_gilded, kennysheep_mini_moat,
          serial_library_hellmonk_h_bend
D:6:      layout_rooms, minmay_temple_entry_offerings, gammafunk_ghost_icy,
          serial_shops, shop_statue
D:7:      layout_layer_cave, mainiacjoe_overflow_alcove_2,
          hellmonk_guarded_unrand_gyre_and_gimble
Temple:   oiseaux_autumnal_temple

Skill      XL: |  1  2  3  4  5  6  7  8  9 |
---------------+----------------------------+-----
Maces & Flails | 2 3 4 5 7 8 9 10 | 10.2
Armour         | 4 6 |  6.0
Invocations    | 2 3 |  3.8
Fighting       | 3 4 |  4.5
Shields        | 4 5 |  5.4

Action                     |  1- 3 |  4- 6 |  7- 9 || total
---------------------------+-------+-------+-------++-------
  Melee: Flail             |   105 |   185 |   202 ||   492
         Tailslap          |    16 |    19 |    16 ||    51
    Use: Potion            |     1 |       |     2 ||     3
         Scroll            |       |       |    13 ||    13
 Armour: Scale mail        |    67 |   168 |   180 ||   415
         Ring mail         |       |       |    56 ||    56
  Dodge: Dodged            |    38 |    46 |    56 ||   140
  Block: Buckler           |    10 |    39 |    46 ||    95
